Map: Black Site 2E

Players

Metasapien - Winner!

  • Race: Zerg Zerg
  • League: Platinum
  • Spawn Location: 12:00

meinARSENAL - Winner!

  • Race: Terran Terran
  • Spawn Location: 11:00

Trigger - Winner!

  • Race: Zerg Zerg
  • Spawn Location: 9:00

Jester

  • Race: Terran Terran
  • Spawn Location: 5:00

datbatmann

  • Race: Protoss Protoss
  • Spawn Location: 3:00

grayfox

  • Race: Zerg Zerg
  • League: Platinum
  • Spawn Location: 6:00

VOD

Have the link to the VOD?

Description

Time

  • Played on: Sept. 24, 2017, 7:46 p.m.
  • Length: 26:35
Show
View Real Time Build Order
Export as new Build Order

Metasapien Zerg - Winner!

Build Orders: Hatch First 

Get SALT Encoding   

  12  0:10  Overlord  
  12  0:37  Drone  
  13  0:43  Hatchery  
  13  0:49  Drone x2  
  14  0:56  Extractor  
  14  0:57  Drone  
  14  1:01  Drone  
  15  1:20  Spawning Pool  
  15  1:24  Drone  
  15  1:29  Drone  
  16  1:35  Drone  
  17  1:44  Drone  
  18  1:55  Drone  
  18  2:01  Drone  
  20  2:20  Drone  
  20  2:21  Drone  
  22  2:24  Overlord  
  22  2:25  Hatchery  
  21  2:37  Extractor  
  20  2:47  Roach Warren  
  19  2:54  Queen  
  19  2:57  Zergling x6  
  24  2:58  Zergling x2  
  24  3:01  Zergling x2  
  26  3:10  Drone  
  27  3:16  Overlord  
  27  3:24  Metabolic Boost  
  27  3:26  Overlord  
  27  3:31  Drone  
  28  3:42  Drone x3  
  28  3:44  Drone x2  
  33  3:49  Drone  
  33  3:50  Drone  
  35  4:01  Drone  
  35  4:02  Drone x2  
  38  4:04  Drone  
  39  4:15  Lair  
  39  4:16  Drone  
  40  4:22  Queen  
  40  4:23  Drone  
  43  4:24  Drone  
  43  4:29  Overlord  
  44  4:32  Drone  
  44  4:34  Drone  
  44  4:35  Drone  
  42  4:50  Drone x2  
  42  4:51  Drone x3  
  42  4:52  Overlord  
  47  4:57  Spore Crawler  
  46  5:09  Drone x2, Extractor  
  46  5:10  Drone  
  46  5:13  Queen  
  50  5:22  Hydralisk Den  
  50  5:27  Infestation Pit  
  48  5:30  Spore Crawler  
  48  5:31  Drone  
  48  5:34  Overlord, Drone x3  
  51  5:37  Drone, Extractor  
  51  5:38  Drone  
  51  5:40  Drone x3  
  55  5:49  Roach  
  61  5:50  Roach x2  
  61  5:52  Extractor  
  60  5:58  Extractor  
  60  6:03  Overlord  
  60  6:04  Overlord x3  
  59  6:06  Drone x3  
  59  6:08  Drone x3  
  65  6:12  Overlord  
  65  6:28  Drone  
  65  6:30  Drone  
  65  6:32  Drone x2  
  69  6:34  Evolution Chamber  
  69  6:35  Evolution Chamber  
  69  6:36  Hydralisk x2  
  71  6:43  Drone  
  71  6:46  Roach  
  74  6:56  Nydus Network, Glial Reconstitution  
  74  6:58  Muscular Augments  
  73  7:03  Zerg Missile Weapons Level 1  
  73  7:04  Zerg Ground Armor Level 1, Hydralisk x3  
  73  7:05  Hydralisk x3  
  73  7:08  Roach x2  
  89  7:16  Burrow  
  89  7:20  Drone  
  89  7:21  Drone x2  
  89  7:22  Drone x3  
  95  7:33  Drone  
  96  7:39  Hydralisk x4  
  96  7:40  Hydralisk  
  96  7:42  Drone  
  96  7:43  Drone x2  
  109  7:49  Overlord  
  109  7:51  Hatchery  
  109  7:53  Overlord x4  
  108  8:00  Hydralisk x3  
  108  8:02  Overlord  
  108  8:03  Overlord  
  114  8:07  Spore Crawler  
  114  8:09  Overseer  
  114  8:10  Overseer  
  113  8:25  Hydralisk x2  
  113  8:26  Roach x2, Hydralisk x4  
  131  8:27  Roach x2  
  131  8:29  Overlord x3  
  133  8:37  Queen x2  
  137  9:06  Queen  
  137  9:07  Infestor  
  141  9:14  Drone x3  
  141  9:15  Drone x4, Hydralisk x2  
  141  9:16  Hydralisk x3  
  158  9:19  Swarm Host x2  
  173  9:30  Hydralisk x3  
  179  9:36  Zerg Missile Weapons Level 2  
  179  9:43  Drone x2  
  179  9:44  Drone x2  
  183  9:47  Extractor  
  183  9:49  Extractor  
  181  9:57  Overlord x2  
  181  9:58  Overlord  
  181  10:16  Overlord x3  
  181  10:17  Overlord x3  
  177  10:30  Spore Crawler  
  176  10:44  Ravager  
  176  10:45  Ravager x2  
  176  10:46  Ravager  
  180  10:52  Pneumatized Carapace  
  180  10:56  Spore Crawler  
  177  10:57  Drone x3  
  177  10:58  Spore Crawler  
  177  11:00  Hydralisk x3  
  185  11:08  Spire  
  184  11:16  Zerg Ground Armor Level 2  
  184  11:40  Swarm Host  
  199  11:51  Spore Crawler x2  
  199  11:53  Overseer x2  
  197  11:56  Spore Crawler  
  196  12:08  Nydus Canal  
  146  12:30  Hydralisk  
  146  12:31  Hydralisk x7  
  146  12:32  Hydralisk x7  
  146  12:33  Hydralisk x5  
  180  12:44  Hydralisk  
  180  12:45  Hydralisk x5  
  180  12:49  Nydus Canal  
  192  12:53  Overlord x2  
  192  12:54  Overlord x3  
  147  13:43  Hydralisk x2  
  147  13:44  Roach, Hydralisk x7  
  147  13:45  Hydralisk x2  
  143  13:59  Drone, Hydralisk x3  
  148  14:10  Nydus Canal  
  160  14:47  Hive  
  160  14:53  Hatchery  
  159  15:09  Overseer  
  159  15:10  Overseer  
  159  15:33  Nydus Canal  
  159  15:35  Overseer  
  159  15:36  Overseer  
  159  15:39  Hydralisk x4  
  159  15:40  Hydralisk x6  
  159  15:41  Hydralisk x7  
  159  15:42  Hydralisk x3  
  163  17:09  Hydralisk x4  
  163  17:10  Hydralisk x7  
  163  17:11  Hydralisk x7  
  163  17:12  Hydralisk  
  179  18:09  Zerg Missile Weapons Level 3  
  179  18:10  Zerg Ground Armor Level 3  
  179  18:28  Extractor  
  179  18:31  Extractor  
  179  18:32  Zergling x20  
  179  18:33  Zergling x26  
  200  18:46  Adrenal Glands  
  143  19:21  Hydralisk x3  
  143  19:22  Drone x15, Hydralisk x19  
  143  19:23  Drone, Hydralisk x11  
  181  19:47  Hydralisk x4  
  181  19:48  Hatchery, Hydralisk x5  
  190  20:25  Zergling x20  
  200  20:39  Spore Crawler  
  200  20:40  Spore Crawler  
  200  20:41  Spore Crawler  
  200  20:42  Drone x2  
  199  20:43  Drone  
  199  20:44  Spore Crawler  
  199  20:48  Spine Crawler  
  199  20:49  Spine Crawler  
  197  20:52  Spine Crawler  
  197  20:53  Spine Crawler  
  197  20:54  Spine Crawler  
  194  20:57  Drone  
  194  20:58  Drone  
  174  21:33  Hydralisk x3  
  174  21:34  Hydralisk x7  
  174  21:35  Hydralisk x2  
  174  21:36  Zergling x6  
  154  21:52  Hydralisk  
  154  21:53  Hydralisk x4  
  135  22:07  Zergling x12  
  138  22:25  Zergling x2  
  138  22:26  Zergling x14  
  137  22:41  Swarm Host x3  
  132  22:57  Zergling x12  
  132  22:58  Zergling x8  
  136  23:01  Hatchery  
  135  23:08  Hatchery  
  134  23:16  Zergling x2  
  134  23:17  Zergling x30  
  131  23:54  Zergling x2, Hydralisk x3  
  131  23:55  Zergling x8, Roach x2  
  137  23:56  Zergling x12  
  137  24:02  Zergling x2  
  145  24:06  Hydralisk x4  
  153  24:17  Extractor  
  153  24:18  Extractor  
  153  24:21  Spine Crawler  
  153  24:22  Spine Crawler  
  148  24:24  Spine Crawler  
  148  24:28  Hydralisk  
  148  24:29  Hydralisk x8  
  162  24:37  Drone x2  
  157  25:02  Nydus Canal  
  157  25:11  Hydralisk x3  
  166  25:15  Zergling x12  
  166  25:16  Zergling x44  
  175  25:56  Spine Crawler  
  139  26:05  Zergling x2  
  139  26:06  Zergling x32  
  139  26:07  Zergling x22  
Show
View Real Time Build Order
Export as new Build Order

meinARSENAL Terran - Winner!

Build Orders: Cyclone Opening, Mech 

Get SALT Encoding   

  12  0:01  SCV  
  13  0:13  Supply Depot  
  13  0:18  SCV  
  14  0:30  SCV  
  15  0:37  Barracks  
  15  0:42  SCV  
  16  0:47  Refinery  
  16  0:54  SCV  
  17  0:57  Refinery  
  17  1:06  SCV  
  18  1:18  SCV  
  19  1:26  Engineering Bay  
  19  1:30  SCV  
  20  1:37  Factory  
  20  1:42  SCV  
  21  1:54  Supply Depot  
  21  1:55  SCV  
  22  2:07  SCV  
  23  2:17  Factory  
  23  2:23  Factory Tech Lab  
  23  2:33  Missile Turret  
  23  2:38  Planetary Fortress  
  23  2:46  Cyclone  
  26  3:00  Factory Reactor  
  26  3:05  Supply Depot  
  26  3:15  SCV  
  27  3:34  Missile Turret  
  27  3:52  Hellion x2  
  27  3:53  Command Center  
  31  4:01  Armory  
  31  4:05  Hellion  
  33  4:15  Hellion  
  35  4:20  Supply Depot  
  35  4:23  SCV  
  33  4:54  Thor  
  33  4:57  Hellion  
  41  5:01  Infernal Pre-Igniter  
  41  5:10  SCV  
  41  5:12  Refinery  
  41  5:13  SCV  
  43  5:20  Terran Vehicle Weapons Level 1  
  43  5:30  Widow Mine  
  43  5:31  Widow Mine  
  47  5:37  Siege Tank  
  47  5:41  SCV  
  51  5:43  SCV  
  51  5:49  Refinery  
  52  5:53  SCV  
  52  5:55  SCV  
  54  6:00  Supply Depot  
  54  6:08  Hellion x2  
  58  6:22  Siege Tank  
  61  6:29  Hellion x2  
  61  6:30  Hi-Sec Auto Tracking  
  61  6:32  SCV  
  66  6:33  SCV  
  67  6:44  SCV  
  66  7:10  Siege Tank  
  66  7:13  SCV  
  70  7:17  Supply Depot  
  70  7:18  Supply Depot  
  70  7:19  Planetary Fortress  
  70  7:30  SCV  
  68  7:46  Factory x2  
  68  7:50  Factory  
  68  7:53  SCV  
  68  7:57  SCV, Supply Depot  
  70  8:05  SCV  
  71  8:09  SCV  
  72  8:14  Hellion x8  
  72  8:17  SCV  
  73  8:21  SCV  
  69  8:29  SCV  
  69  8:33  SCV  
  66  8:41  SCV  
  53  8:51  Factory Tech Lab x3  
  53  8:55  Factory x2  
  53  8:59  Thor, Widow Mine x2  
  53  9:00  Factory  
  57  9:15  Supply Depot  
  57  9:18  Terran Vehicle And Ship Armor Level 1  
  57  9:22  Armory  
  57  9:25  Supply Depot  
  57  9:27  Supply Depot  
  57  9:33  Building Armor  
  57  9:38  Drilling Claws  
  57  9:42  Factory Tech Lab  
  57  9:48  Factory Tech Lab  
  57  9:49  Factory Tech Lab  
  57  9:53  Thor  
  57  9:54  Widow Mine  
  57  9:56  Widow Mine  
  67  10:03  Widow Mine x3  
  67  10:05  Command Center  
  73  10:33  Widow Mine x3  
  73  10:34  Thor  
  73  10:35  Widow Mine x3  
  91  11:13  Widow Mine x4  
  91  11:14  Thor  
  91  11:15  Widow Mine x3  
  91  11:17  Widow Mine  
  111  11:41  Widow Mine  
  113  11:47  Widow Mine  
  113  11:48  Widow Mine x6  
  113  11:53  Supply Depot x2  
  125  12:44  Widow Mine  
  125  12:45  Widow Mine x8  
  143  13:13  Widow Mine x3  
  143  13:19  Supply Depot  
  149  13:21  Supply Depot  
  149  13:23  Supply Depot  
  149  13:34  Planetary Fortress  
  149  13:40  Thor, SCV x2  
  157  13:42  Widow Mine  
  157  13:43  Thor  
  157  13:44  Thor, Widow Mine  
  173  14:11  SCV  
  173  14:15  Thor  
  134  14:39  SCV  
  134  14:41  Refinery  
  134  14:43  Refinery  
  133  14:52  SCV  
  134  15:04  SCV  
  133  15:10  Missile Turret  
  133  15:11  SCV  
  133  15:12  SCV  
  135  15:14  Widow Mine  
  135  15:15  Widow Mine x8  
  135  15:16  SCV  
  154  15:23  SCV  
  154  15:24  SCV  
  154  15:28  SCV  
  153  15:43  Widow Mine x9  
  169  16:11  Widow Mine  
  169  16:12  Widow Mine  
  99  16:54  Widow Mine x7  
  99  16:56  Thor x2  
  121  17:23  Thor  
  127  17:46  Widow Mine x3  
  127  17:47  Widow Mine x5  
  143  17:58  Command Center  
  129  18:40  Widow Mine x4  
  95  20:13  Widow Mine  
  95  20:14  Widow Mine x2  
Show
View Real Time Build Order
Export as new Build Order

Trigger Zerg - Winner!

Build Orders: Hatch First 

Get SALT Encoding   

  12  0:01  Drone  
  13  0:13  Overlord  
  13  0:30  Drone  
  13  0:32  Drone x2  
  16  0:42  Drone  
  17  0:54  Drone  
  18  1:11  Hatchery  
  17  1:13  Drone  
  17  1:15  Drone  
  19  1:23  Spawning Pool  
  19  1:24  Drone  
  19  1:30  Extractor  
  18  1:35  Drone  
  18  1:36  Extractor  
  18  1:45  Overlord  
  18  1:58  Drone  
  19  2:07  Drone  
  20  2:11  Queen  
  22  2:16  Spore Crawler  
  22  2:19  Spine Crawler  
  20  2:27  Spine Crawler  
  19  2:30  Queen  
  19  2:31  Drone  
  19  2:32  Drone x2  
  24  2:38  Drone  
  24  2:41  Drone  
  26  3:00  Drone x2  
  26  3:02  Drone x2  
  30  3:07  Drone  
  31  3:29  Drone  
  31  3:30  Drone  
  33  3:35  Drone x2  
  35  3:48  Spine Crawler  
  35  3:54  Spine Crawler  
  33  3:58  Spore Crawler  
  33  4:01  Drone x3  
  35  4:06  Lair  
  35  4:20  Drone  
  35  4:22  Overlord x2  
  36  4:26  Extractor  
  36  4:28  Extractor  
  36  4:30  Drone  
  36  4:31  Drone  
  36  4:41  Drone x2  
  36  4:42  Drone  
  36  4:45  Drone x2  
  41  4:57  Drone x3  
  41  4:58  Drone x2  
  46  5:15  Spore Crawler, Hatchery  
  46  5:16  Spine Crawler  
  43  5:22  Spore Crawler  
  43  5:24  Spine Crawler  
  43  5:28  Infestation Pit  
  40  5:35  Drone x2  
  42  5:52  Spore Crawler  
  41  6:05  Hive  
  41  6:07  Drone  
  41  6:08  Drone x3  
  45  6:27  Queen  
  45  6:28  Overlord  
  47  6:34  Spine Crawler  
  47  6:37  Spine Crawler  
  47  6:39  Spore Crawler  
  44  6:42  Spore Crawler  
  44  6:43  Drone x5  
  44  6:44  Drone x6  
  54  7:00  Infestor x2, Spire  
  54  7:01  Infestor x2  
  57  7:06  Burrow  
  61  7:11  Overlord x2  
  61  7:12  Overlord x2  
  61  7:20  Extractor  
  61  7:22  Extractor  
  59  7:26  Drone x3  
  59  7:28  Drone x3  
  65  7:49  Spore Crawler  
  64  7:52  Spine Crawler  
  64  7:55  Spore Crawler  
  64  7:56  Drone x5  
  64  7:57  Drone x2  
  69  8:02  Spore Crawler  
  68  8:07  Spore Crawler  
  67  8:18  Greater Spire  
  67  8:25  Overlord x4, Spire  
  66  8:29  Corruptor x5  
  66  8:30  Corruptor x2  
  80  8:46  Corruptor  
  80  8:47  Corruptor x2  
  80  8:48  Corruptor  
  88  9:04  Corruptor x2  
  88  9:05  Corruptor  
  88  9:06  Corruptor  
  96  9:16  Infestor  
  96  9:17  Infestor  
  96  9:22  Corruptor  
  96  9:23  Corruptor x2  
  102  9:26  Corruptor  
  104  9:36  Zerg Flyer Weapons Level 1  
  104  9:37  Infestor, Zerg Flyer Armor Level 1  
  104  9:40  Overseer x2  
  104  9:44  Overseer  
  104  10:23  Infestor  
  104  10:30  Corruptor  
  104  10:31  Corruptor x6  
  104  10:32  Corruptor x3  
  124  10:37  Overlord x3  
  124  10:45  Spore Crawler  
  124  10:49  Overlord x3  
  123  11:37  Zerg Flyer Weapons Level 2  
  123  11:38  Zerg Flyer Armor Level 2  
  123  11:45  Corruptor  
  123  11:46  Corruptor x4  
  123  11:47  Corruptor x2  
  129  11:50  Hatchery  
  129  12:22  Infestor  
  129  12:27  Infestor  
  129  12:35  Corruptor  
  129  12:36  Corruptor x8  
  89  12:46  Corruptor  
  91  13:17  Corruptor x3  
  91  13:18  Corruptor x2  
  101  13:40  Corruptor x3  
  107  14:09  Corruptor x5  
  113  14:11  Corruptor  
  119  14:43  Corruptor  
  119  14:44  Corruptor x4  
  129  15:04  Brood Lord  
  129  15:05  Brood Lord x2  
  135  15:31  Brood Lord x3, Hatchery  
  140  16:03  Corruptor x3  
  146  16:06  Overlord  
  146  16:07  Overlord x4  
  138  16:51  Corruptor x5  
  138  16:52  Corruptor x2  
  116  17:47  Corruptor x4  
  124  18:12  Hatchery  
  103  20:31  Corruptor x5  
  113  21:05  Brood Lord x2  
  113  21:06  Brood Lord x2  
  121  21:22  Extractor  
  121  21:24  Extractor  
  117  22:07  Corruptor x3  
  123  22:29  Zergling x2  
  124  22:30  Zergling x16  
  132  22:54  Zergling x2  
  132  22:55  Zergling x10  
  138  23:08  Adrenal Glands  
  138  23:34  Zergling x18  
  147  23:42  Zerg Flyer Weapons Level 3  
  147  24:11  Zergling x18  
  151  24:40  Metabolic Boost  
  151  24:43  Zergling x4  
  151  24:44  Zergling x18  
  159  25:09  Zergling x12  
  165  25:31  Zergling x8  
  165  25:32  Zergling x8  
Show
View Real Time Build Order
Export as new Build Order

Jester Terran 

Build Orders:  

Get SALT Encoding   

  12  0:01  SCV  
  13  0:13  SCV  
  14  0:31  Supply Depot  
  14  0:36  SCV  
  15  0:47  Refinery  
  15  0:50  Refinery  
  15  0:53  SCV  
  15  0:57  Barracks  
  16  1:05  SCV  
  17  1:17  SCV  
  18  1:29  SCV  
  19  1:41  SCV  
  19  1:45  Factory, Supply Depot  
  20  1:53  Barracks Tech Lab  
  20  1:56  Orbital Command  
  20  2:16  Marine  
  20  2:18  Engineering Bay  
  20  2:22  SCV  
  22  2:29  Factory Tech Lab  
  22  2:49  Marine  
  23  2:56  Command Center  
  23  2:59  Siege Tank  
  26  3:09  SCV  
  27  3:26  Supply Depot  
  27  3:27  Supply Depot  
  27  3:29  SCV  
  27  3:31  Siege Tank  
  31  3:47  SCV, Marine  
  33  3:59  SCV  
  34  4:03  Siege Tank  
  37  4:10  Refinery  
  37  4:11  SCV  
  37  4:12  Orbital Command  
  38  4:18  Stimpack  
  38  4:23  SCV  
  39  4:35  Siege Tank  
  42  5:14  Marine  
  42  5:18  Siege Tank  
  46  5:27  Command Center  
  46  5:29  SCV x2  
  46  5:32  Marine  
  49  5:41  SCV x2  
  51  5:49  Marine  
  51  5:50  Siege Tank  
  51  5:53  SCV x2, Sensor Tower  
  57  6:05  SCV  
  57  6:06  SCV  
  57  6:07  Marine  
  60  6:12  Terran Infantry Weapons Level 1  
  60  6:18  SCV x2  
  62  6:22  Refinery, Siege Tank  
  62  6:25  Marine  
  65  6:30  SCV x2  
  68  6:42  SCV x2  
  71  6:54  SCV x2  
  72  7:06  SCV x2  
  74  7:18  SCV x2  
  75  7:30  SCV  
  76  7:44  Orbital Command  
  76  7:45  Starport  
  76  7:46  Marine  
  76  7:47  Starport  
  76  7:49  Siege Tank  
  80  8:04  Marine  
  80  8:05  Supply Depot x2  
  81  8:09  Supply Depot  
  81  8:12  Terran Infantry Armor Level 1  
  81  8:21  Siege Tank  
  81  8:22  Marine  
  84  8:29  Supply Depot  
  84  8:40  Marine  
  85  8:53  Siege Tank  
  88  8:58  Marine  
  89  9:26  Siege Tank  
  89  9:30  Starport Tech Lab x2  
  92  9:41  Barracks  
  92  9:43  Barracks  
  92  9:44  Barracks  
  92  9:58  Siege Tank  
  92  9:59  Marauder  
  97  10:10  Orbital Command  
  97  10:20  Marauder  
  99  10:22  Liberator  
  99  10:23  Liberator  
  99  10:41  Marauder  
  107  11:02  Siege Tank  
  107  11:03  Marauder  
  112  11:05  Liberator  
  112  11:13  Command Center  
  112  11:15  Command Center  
  112  11:24  Marauder  
  115  11:49  Liberator x2  
  115  11:52  Barracks Reactor  
  115  11:53  Barracks Tech Lab, Barracks Reactor  
  115  12:06  Siege Tank  
  117  12:29  Planetary Fortress x2  
  114  12:31  Liberator x2  
  114  12:34  Missile Turret  
  114  12:36  Missile Turret  
  114  12:38  Siege Tank  
  123  12:58  Missile Turret  
  123  13:02  SCV  
  123  13:03  SCV x2  
  126  13:08  Marine  
  126  13:10  Siege Tank, Marine x5  
  134  13:14  Liberator x2  
  134  13:15  SCV x3  
  137  13:26  Marine  
  138  13:27  Marine  
  138  13:28  Marine x4  
  145  13:42  Siege Tank  
  145  13:44  Marine  
  145  13:45  Marine  
  145  13:46  Marine x4  
  152  14:02  Marine  
  153  14:03  Marine x2  
  153  14:04  Marine x3  
  158  14:14  Siege Tank  
  161  14:21  Marine  
  161  14:22  Marine  
  163  14:59  Liberator  
  163  15:12  Missile Turret  
  163  15:16  Missile Turret, Marine x5  
  163  15:17  Siege Tank, Marine  
  163  15:18  Missile Turret, Hi-Sec Auto Tracking  
  163  15:19  Missile Turret  
  163  15:21  Missile Turret  
  175  15:31  Refinery  
  175  15:34  Marine x5  
  179  15:38  Missile Turret  
  179  15:43  Marine  
  179  15:46  Missile Turret  
  179  15:48  Missile Turret  
  179  15:49  Siege Tank  
  177  15:51  Missile Turret  
  177  15:52  Marine x2  
  177  15:53  Orbital Command  
  177  15:54  Missile Turret  
  179  16:01  Marine  
  179  16:03  Marine  
  179  16:09  Marine  
  179  16:15  Building Armor  
  177  16:22  Siege Tank  
  142  17:46  Marine  
  142  17:47  Marine x5  
  148  17:51  Siege Tank  
  151  18:04  Marine x2  
  151  18:05  Marine x4  
  131  18:22  Marine x3  
  131  18:23  Siege Tank, Marine x3  
  140  18:28  Medivac x2  
  142  18:40  Marine x5  
  142  18:41  Marine  
  128  18:55  Siege Tank  
  128  18:58  Medivac x2, Marine x6  
  102  19:15  Marine  
  102  19:16  Marine  
  76  19:28  Siege Tank, Medivac  
  62  20:00  Siege Tank  
  62  20:05  Missile Turret  
  62  20:06  Missile Turret  
  59  20:18  Command Center  
  59  20:23  Missile Turret  
  59  20:31  Marine x6  
  59  20:32  Siege Tank  
  68  20:46  Command Center  
  68  20:49  Marine x5  
  73  20:51  Missile Turret  
  73  21:04  Siege Tank, Command Center  
  73  21:11  Missile Turret  
  75  21:30  Missile Turret  
  61  21:36  Siege Tank  
  59  21:50  Missile Turret  
  46  22:05  Viking x2  
  50  22:08  Siege Tank  
  39  22:35  Viking x2  
  39  23:03  Marine  
  39  23:04  Marine x5  
  39  23:05  Viking x2  
  49  23:21  Marine x2  
  49  23:22  Marine x4  
  55  23:35  Viking x2  
  55  23:39  Marine x4  
  55  23:40  Marine x2  
  65  23:57  Marine x5  
  65  23:58  Marine  
  71  24:05  Viking x2  
  75  24:15  Marine x2  
  77  24:35  Viking x2  
  81  25:05  Viking x2  
  85  25:14  Orbital Command  
  85  25:35  Viking x2  
  72  26:05  Viking  
Show
View Real Time Build Order
Export as new Build Order

datbatmann Protoss 

Build Orders:  

Get SALT Encoding   

  12  0:04  Probe (Chrono Boost)  
  13  0:15  Probe (Chrono Boost)  
  14  0:25  Probe (Chrono Boost)  
  15  0:44  Pylon  
  15  1:03  Probe (Chrono Boost)  
  16  1:15  Gateway x2  
  16  1:21  Forge  
  16  1:42  Nexus  
  16  2:02  Photon Cannon  
  16  2:03  Photon Cannon  
  16  2:08  Photon Cannon  
  16  2:16  Pylon  
  16  2:27  Pylon  
  16  2:45  Pylon  
  16  2:48  Probe (Chrono Boost)  
  17  2:53  Assimilator  
  17  2:59  Probe (Chrono Boost), Assimilator  
  17  3:00  Probe (Chrono Boost)  
  19  3:10  Probe x2 (Chrono Boost)  
  21  3:19  Cybernetics Core  
  21  3:20  Probe (Chrono Boost)  
  21  3:21  Probe (Chrono Boost)  
  23  3:31  Probe x2 (Chrono Boost)  
  26  3:41  Probe (Chrono Boost)  
  26  3:42  Probe (Chrono Boost)  
  27  3:52  Probe x2 (Chrono Boost)  
  29  4:02  Probe (Chrono Boost), Pylon  
  30  4:08  Mothership Core (Chrono Boost)  
  32  4:13  Probe (Chrono Boost)  
  32  4:14  Zealot x2  
  37  4:18  Warp Gate (Chrono Boost)  
  38  4:24  Probe  
  38  4:36  Probe  
  39  4:48  Probe  
  40  5:01  Photon Cannon  
  40  5:03  Photon Cannon  
  40  5:05  Assimilator  
  40  5:09  Assimilator, Gateway x2  
  40  5:15  Stargate  
  40  5:16  Stargate  
  40  5:32  Nexus  
  40  5:36  Assimilator  
  40  5:40  Probe  
  40  5:42  Assimilator  
  41  5:44  Pylon  
  41  5:45  Probe  
  42  5:51  Probe  
  43  5:57  Probe  
  43  6:02  Probe  
  45  6:09  Probe  
  46  6:12  Probe  
  47  6:19  Void Ray x2  
  47  6:23  Probe  
  56  6:33  Probe  
  56  6:36  Probe  
  58  6:44  Probe  
  59  6:48  Probe  
  60  6:54  Probe  
  60  7:00  Probe  
  62  7:04  Stargate x2  
  62  7:05  Probe  
  63  7:09  Stargate  
  63  7:11  Stargate  
  63  7:13  Probe  
  64  7:16  Stargate  
  64  7:18  Stargate  
  64  7:25  Probe  
  65  7:38  Void Ray x2  
  65  7:40  Probe  
  74  7:50  Pylon  
  74  7:51  Probe, Pylon  
  74  7:54  Pylon  
  74  7:55  Void Ray  
  74  7:57  Probe, Pylon  
  79  8:01  Probe  
  81  8:08  Probe  
  82  8:13  Probe  
  82  8:18  Probe  
  83  8:23  Void Ray x2  
  83  8:25  Probe  
  93  8:29  Probe  
  94  8:37  Probe, Cybernetics Core  
  94  8:39  Probe  
  96  8:42  Protoss Air Weapons Level 1 (Chrono Boost)  
  96  8:43  Void Ray x2  
  104  8:49  Probe  
  105  8:57  Void Ray  
  105  9:00  Void Ray  
  113  9:22  Void Ray x2  
  121  9:36  Pylon  
  121  9:37  Pylon  
  121  9:38  Pylon  
  121  9:39  Pylon  
  121  9:41  Pylon x2  
  121  9:42  Pylon  
  121  9:44  Pylon  
  121  9:45  Pylon  
  121  9:46  Pylon  
  121  9:51  Void Ray  
  125  9:54  Void Ray  
  129  10:06  Twilight Council  
  129  10:07  Protoss Shields Level 1  
  129  10:11  Protoss Air Armor Level 1 (Chrono Boost)  
  129  10:35  Void Ray  
  129  10:36  Void Ray x2  
  141  10:46  Nexus  
  137  11:17  Void Ray x3  
  149  11:18  Void Ray  
  149  11:19  Void Ray  
  157  11:40  Pylon  
  157  11:41  Pylon  
  157  11:47  Assimilator  
  157  11:48  Assimilator  
  157  11:49  Void Ray x2  
  165  11:54  Void Ray  
  165  12:00  Void Ray  
  160  12:36  Void Ray x2  
  160  12:37  Void Ray x3  
  153  12:52  Probe  
  154  13:00  Probe  
  154  13:01  Probe  
  154  13:02  Probe  
  157  13:12  Probe x2  
  158  13:13  Probe  
  160  13:22  Probe  
  160  13:23  Probe  
  160  13:24  Probe  
  163  13:33  Probe  
  163  13:34  Probe  
  159  13:36  Probe  
  162  13:43  Probe  
  164  13:48  Probe  
  96  15:04  Void Ray x5  
  96  15:05  Void Ray x3  
  128  15:08  Probe  
  129  15:19  Probe  
  130  15:29  Probe, Fleet Beacon  
  131  15:40  Probe  
  132  15:47  Void Ray x6  
  132  15:48  Void Ray x2  
  164  15:51  Probe  
  91  17:28  Phoenix x6  
  91  17:29  Phoenix x2  
  66  17:51  Gateway  
  66  17:53  Phoenix x6  
  66  17:54  Phoenix x2  
  66  17:55  Gateway  
  66  17:57  Gateway  
  82  17:58  Gateway  
  82  17:59  Gateway  
  82  18:04  Gateway x2  
  82  18:18  Phoenix x6  
  82  18:19  Phoenix x2  
  92  18:42  Phoenix  
  92  18:43  Phoenix  
  62  20:06  Charge (Chrono Boost)  
  48  20:32  Nexus  
  48  20:43  Pylon  
  48  21:06  Zealot  
  48  21:07  Zealot x4  
  48  21:08  Zealot x4  
  36  21:29  Zealot x3  
  36  21:30  Zealot x2  
  36  21:31  Zealot x4  
  36  21:32  Zealot x2  
  17  22:35  Carrier  
  17  22:36  Carrier  
  29  23:51  Assimilator  
  29  23:53  Assimilator  
Show
View Real Time Build Order
Export as new Build Order

grayfox Zerg 

Build Orders: Pool First 

Get SALT Encoding   

  12  0:02  Drone  
  13  0:09  Drone  
  14  0:24  Overlord  
  14  0:43  Drone  
  14  0:44  Drone x2  
  17  0:55  Drone  
  18  0:59  Spawning Pool  
  17  1:21  Hatchery  
  17  1:25  Drone x2  
  18  1:36  Drone  
  19  1:50  Drone x2, Hatchery  
  20  2:03  Extractor  
  20  2:06  Queen  
  21  2:08  Overlord  
  21  2:14  Overlord  
  21  2:24  Drone  
  22  2:39  Drone x2  
  24  2:48  Drone x2  
  26  3:02  Drone  
  26  3:03  Drone x2  
  29  3:14  Queen  
  29  3:16  Queen  
  32  3:21  Drone x3  
  32  3:22  Drone x2  
  37  3:30  Extractor  
  37  3:33  Drone  
  37  3:34  Drone x2  
  39  3:39  Drone x2  
  39  3:40  Drone  
  42  3:43  Drone x3  
  42  3:46  Drone  
  46  3:57  Extractor  
  46  4:00  Extractor  
  44  4:09  Lair  
  44  4:17  Roach Warren  
  43  4:19  Drone x2  
  43  4:20  Drone  
  43  4:22  Drone x3  
  49  5:04  Overlord x4  
  49  5:05  Overlord x5  
  49  5:24  Hatchery  
  49  5:28  Spire  
  47  5:33  Drone x3  
  47  5:34  Drone x2  
  52  5:38  Drone x3  
  52  5:39  Drone x4  
  52  5:40  Drone x2  
  61  5:46  Drone  
  61  5:47  Drone  
  63  5:53  Extractor  
  63  5:55  Drone x3, Extractor  
  64  5:58  Drone x2  
  64  5:59  Drone  
  67  6:18  Drone x3  
  69  6:19  Drone  
  71  6:33  Hydralisk Den  
  71  6:35  Evolution Chamber  
  71  6:36  Evolution Chamber  
  68  6:42  Mutalisk x6  
  68  6:43  Mutalisk x5  
  68  6:44  Mutalisk x4  
  98  6:48  Mutalisk  
  100  6:55  Extractor  
  100  6:56  Queen  
  100  6:57  Extractor  
  100  6:58  Drone  
  100  6:59  Drone x3  
  104  7:06  Drone x2  
  104  7:07  Drone  
  105  7:50  Zerg Missile Weapons Level 1  
  105  7:51  Zerg Ground Armor Level 1  
  105  7:55  Muscular Augments  
  105  7:56  Infestation Pit  
  105  7:57  Zerg Flyer Weapons Level 1  
  104  8:00  Mutalisk x5  
  104  8:01  Mutalisk  
  114  8:35  Mutalisk x2  
  114  8:36  Mutalisk x4  
  114  8:37  Mutalisk  
  124  9:15  Drone x2  
  124  9:16  Drone x2  
  128  9:19  Overlord x3  
  128  9:20  Overlord x6  
  128  9:21  Overlord x3  
  128  9:46  Lurker Den  
  128  9:51  Zerg Flyer Armor Level 1  
  122  10:28  Mutalisk x6  
  122  10:29  Mutalisk x8  
  122  10:30  Mutalisk x8  
  122  10:31  Mutalisk x2  
  170  10:42  Zerg Melee Weapons Level 1  
  170  10:46  Hive  
  168  10:51  Overseer  
  168  10:55  Pneumatized Carapace  
  168  11:20  Metabolic Boost  
  168  11:45  Zerg Flyer Weapons Level 2  
  142  12:44  Mutalisk x3  
  142  12:45  Zergling x10, Mutalisk x4  
  142  12:46  Zergling x8, Mutalisk x6  
  142  12:47  Zergling x10, Mutalisk x2  
  142  12:48  Zergling x2  
  187  12:57  Spore Crawler  
  186  12:59  Spore Crawler  
  177  13:29  Mutalisk x5  
  177  13:30  Mutalisk x6  
  161  14:22  Zerg Melee Weapons Level 2, Zerg Ground Armor Level 2  
  93  15:16  Hydralisk x4  
  93  15:17  Hydralisk x17  
  93  15:18  Hydralisk x5  
  145  15:46  Overseer x5  
  128  16:38  Zerg Missile Weapons Level 2  
  128  17:00  Hydralisk  
  128  17:01  Hydralisk x6  
  130  17:02  Hydralisk x10  
  130  17:03  Hydralisk x10  
  130  17:04  Hydralisk x4  
  130  17:05  Hydralisk  
  180  17:25  Overlord x3  
  180  17:26  Overlord x4  
  144  17:44  Hatchery  
  144  17:46  Extractor  
  144  17:47  Extractor  
  144  17:51  Zerg Melee Weapons Level 3  
  139  18:22  Hydralisk x5  
  139  18:23  Hydralisk x9  
  139  18:24  Hydralisk x8  
  139  18:25  Hydralisk x6  
  193  18:37  Lurker  
  194  18:43  Drone x3  
  194  18:44  Drone x3  
  200  19:11  Overseer x2  
  198  20:26  Lurker  
  198  20:27  Lurker  
  185  21:05  Spore Crawler  
  185  21:08  Spine Crawler  
  185  21:10  Spine Crawler  
  104  22:21  Drone x3  
  107  22:24  Drone x3  
  100  23:28  Mutalisk  
  100  23:29  Mutalisk x5  
  102  23:51  Overseer  
  102  23:55  Zergling x14  
  106  23:56  Zergling x18  
  118  24:09  Hatchery  
  117  24:34  Zergling x16  
  117  24:35  Zergling x8  
  113  25:17  Hydralisk  
  115  25:22  Zergling x8  
  115  25:23  Zergling x10  
  115  25:24  Zergling x4  
  126  25:32  Drone x2  
  77  26:22  Drone x3  
Tags
 
Add a new tag
Caveats
  • Supply blocks, unpowered buildings, or Contaminate may cause inaccurate times.
  • Supply counts are checked every 10 seconds.